 Dungeon Crawl Stone Soup version 0.13.0-25-g43d4df3 (webtiles) character file.

141854 Kejsarherre the Slayer (level 17, -12/196 HPs)
             Began as an Ogre Hunter on Oct 25, 2013.
             Was the Champion of Ashenzari.
             Mangled by an orc warrior
             ... wielding a +0,+1 orcish trident
              (14 damage)
             ... on Level 4 of the Orcish Mines on Oct 27, 2013.
             The game lasted 02:21:44 (43673 turns).

Kejsarherre the Slayer (Ogre Hunter)               Turns: 43673, Time: 02:21:45

HP -12/196       AC  5     Str 26      XL: 17   Next: 30%
MP  26/33        EV  9     Int 10      God: Ashenzari [******]
Gold 1783        SH  0     Dex 10      Spells:  2 memorised, 26 levels left

Res.Fire  : . . .   See Invis. : +   z - +6,+8 giant spiked club (freeze) (curse)
Res.Cold  : . . .   Warding    : .   A - +0 troll leather armour {Snorg}
Life Prot.: . . .   Conserve   : +   (shield restricted)
Res.Poison: +       Res.Corr.  : .   B - -1 cap
Res.Elec. : .       Clarity    : +   c - +0 cloak {rPois}
Sust.Abil.: . .     Spirit.Shd : .   (gloves unavailable)
Res.Mut.  : .       Stasis     : .   (boots unavailable)
Res.Rott. : .       Flight     : .   U - cursed amulet of conservation
Saprovore : + . .                    u - cursed +5,+2 ring of slaying
                                     r - cursed ring of protection from magic

@: very slightly contaminated, drained, very resistant to hostile enchantments,
very unstealthy
A: unfitting armour, fast metabolism 1, mutation resistance 1, saprovore 1,
tough skin 1
a: Scrying, Transfer Knowledge, Renounce Religion


You were on level 4 of the Orcish Mines.
You worshipped Ashenzari.
Ashenzari was exalted by your worship.
You were very hungry.

You visited 5 branches of the dungeon, and saw 36 of its levels.
You visited 1 bazaar.
You also visited: Labyrinth.

You collected 3254 gold pieces.
You spent 1491 gold pieces at shops.

Inventory:

Hand weapons
 z - a cursed +6,+8 giant spiked club of freezing (weapon)
Missiles
 F - a large rock (quivered)
Armour
 c - a +0 cloak of poison resistance (worn)
 i - a +2 robe of fire resistance
 A - a +0 troll leather armour (worn) {Snorg}
 B - a -1 cap (worn)
Magical devices
 a - a wand of lightning (1)
 f - a wand of random effects (12)
 M - a wand of lightning (8)
 Q - a wand of teleportation (2)
 X - a wand of fireball (1)
Comestibles
 d - 3 rotting chunks of orc flesh
 p - 3 chunks of orc flesh
 v - 3 rotting chunks of orc flesh
 I - 4 bread rations
 V - 3 apricots
 W - 3 cheeses
 Y - a pear
Scrolls
 e - a scroll of teleportation
 g - 2 scrolls of holy word
 n - 5 scrolls of fog
 o - 11 scrolls of identify
 q - 8 scrolls of remove curse
 s - a scroll of amnesia
 H - 4 scrolls of fear
 J - a scroll of curse jewellery
 O - 6 scrolls of magic mapping
 R - 2 scrolls of silence
Jewellery
 j - an uncursed ring of ice
 r - a cursed ring of protection from magic (left hand)
 u - a cursed +5,+2 ring of slaying (right hand)
 y - an uncursed amulet of stasis
 G - an uncursed ring of protection from fire
 N - an uncursed ring of protection from fire
 U - a cursed amulet of conservation (around neck)
Potions
 b - 2 potions of speed
 h - 15 potions of curing
 k - 4 potions of might
 l - 4 potions of agility
 m - 3 potions of flight
 t - 4 potions of restore abilities
 w - a potion of mutation {unknown}
 x - 5 potions of heal wounds
 D - 2 potions of resistance
 L - 6 potions of brilliance
Miscellaneous
 C - a lamp of fire (inert)


   Skills:
 + Level 22.2(21.2) Fighting
 - Level 21.0(24.6) Maces & Flails
 - Level 4.3(3.6) Throwing
 - Level 1.7(1.1) Dodging
 - Level 0.7(0.1) Stealth
 - Level 10.2(9.4) Spellcasting
 * Level 11.0(14.4) Translocations


You had 26 spell levels left.
You knew the following spells:

 Your Spells              Type           Power        Failure   Level  Hunger
a - Recall                Summ/Tloc      N/A          1%          3    ###....
b - Controlled Blink      Tloc           N/A          38%         7    #######


Dungeon Overview and Level Annotations

Branches:
Dungeon (16/27)            Temple (0/1) D:6             Orc (4/4) D:6
    Elf (0/3) Orc:4          Lair (8/8) D:12         Shoals (4/5) Lair:4
  Snake (4/5) Lair:6        Slime (0/6) Lair:8
 Vaults: D:15-20

Altars:
Ashenzari
Cheibriados
Elyvilon
Nemelex Xobeh
Trog
Xom
Yredelemnul
Zin
Beogh
Jiyva

Shops:
D:8 [   Orc:3 ?   Orc:4 +   Shoals:4 =   Snake:3 ?

Portals:
Trove: D:15 (show slimy rune of Zot)

Annotations:
D:4 Antunes' ghost, average DrAr
Lair:7 exclusion: 4 oklob plants
Lair:8 exclusion: upstairs
Shoals:4 exclusion: oklob plant


Innate Abilities, Weirdness & Mutations

You are too large for most types of armour.
You have a fast metabolism.
You can tolerate rotten meat.
You have tough skin (AC +1).
You are somewhat resistant to further mutation.


Message History

Okay, then.
Read which item? (? for menu, Esc to quit)
Okay, then.
Drink which item? (? for menu, Esc to quit)
Okay, then.
Read which item? (? for menu, Esc to quit)
Okay, then.
Read which item? (? for menu, Esc to quit)
Okay, then.
Put on which piece of jewellery? (? for menu, Esc to quit)
Okay, then.
Drink which item? (? for menu, Esc to quit)
Okay, then.
Cast which spell? (? or * to list)
You miscast Controlled Blink.
You are very lightly contaminated with residual magic.
The world appears momentarily distorted!
You are feeling very hungry.
The orc warrior hits you from afar with an orcish trident!
You die...

.......##.##
.........).#
....)..[...# ###
..###.##[.[###.###
[##
####..[.#....##
..##
##[...#....### **
)..#
##[)........##.#
...#
##[[[..o34.......#
..##
#..[....#@#.....#*
###
###.#..o#...##..#*
.##
##......)o.......#
..#
#.........o.....##
.##
##...........(###
## ######...).###
# #......(.(# #
#.........# #** **
#......)..# * **


You could see an ice devil, a blue devil, 2 orc warriors and an orc.

Vanquished Creatures
  Nikola (Shoals:2)
  Rupert (Shoals:3)
  Agnes (Shoals:2)
  Kirke (Shoals:4)
  Louise (Shoals:2)
  Gastronok (D:10)
  Jorgrun (Shoals:2)
  2 merfolk javelineers (Shoals:3)
  Snorg (D:14)
  3 merfolk impalers
  A minotaur (Lab)
  A vault guard (D:15)
  2 sirens
  A dragon (Lair:8)
  Fannar (Orc:3)
  Nessos (Shoals:1)
  10 hydras
  An anaconda (Snake:1)
  5 death yaks
  3 orc high priests (Orc:4)
  An alligator (shapeshifter) (D:13)
  A rakshasa (D:15)
  3 naga warriors
  5 centaur warriors
  Nergalle (Lair:4)
  A storm dragon skeleton (D:14)
  8 sea snakes
  3 hill giants
  A lindwurm (Lair:7)
  14 harpies
  An unseen horror (D:12)
  Erolcha (D:8)
  Pikel (D:5)
  A wizard (D:15)
  Joseph (D:9)
  5 orc knights
  3 orc sorcerers
  7 cyclopes
  A stone golem (D:15)
  A griffon (D:15)
  5 guardian serpents
  A sixfirhy (Orc:4)
  14 elephants
  An eye of devastation (D:15)
  Maurice (D:9)
  20 black mambas
  An item mimic (Snake:1)
  Psyche (D:9)
  A feature mimic (Lair:5)
  9 mermaids
  A queen ant (Lair:7)
  8 spiny frogs
  4 fire drakes (Lair:8)
  3 naga magi
  A troll (D:11)
  A minotaur zombie (Lab)
  Sonja (D:10)
  15 blink frogs
  11 komodo dragons
  A two-headed ogre (D:11)
  4 polar bears (D:15)
  Prince Ribbit (D:8)
  A boulder beetle (Lair:8)
  7 snapping turtles
  A wandering mushroom (Lab)
  8 slime creatures
  2 grizzly bears (D:15)
  A ynoxinul (Orc:4)
  A shadow (D:11)
  3 basilisks
  2 ugly things (Shoals:4)
  A hill giant zombie (D:13)
  4 wyverns
  47 yaks
  3 sharks
  An elephant slug (Lair:3)
  A vampire (D:15)
  20 hippogriffs
  17 merfolk
  28 wolves
  4 hogs
  3 hungry ghosts
  A steam dragon (D:9)
  7 vampire mosquitoes
  6 soldier ants
  3 hill giant skeletons
  A rock worm (D:15)
  2 hell hounds (Lair:8)
  11 manticores
  2 swamp drakes (Lair:8)
  11 porcupines
  4 ice beasts
  5 sky beasts
  5 black bears
  9 ogres
  A yellow wasp (D:11)
  4 slaves
  8 big kobolds
  A boring beetle (shapeshifter) (D:15)
  44 nagas
  29 orc warriors
  2 phantoms
  Duvessa (D:5)
  7 wargs
  20 crocodiles
  7 centaurs
  10 giant slugs
  A yaktaur zombie (D:15)
  Blork the orc (D:5)
  2 cyclops zombies
  A komodo dragon zombie (D:13)
  21 giant frogs
  10 agate snails
  A brain worm (D:14)
  37 water moccasins
  A manticore zombie (D:8)
  A wyvern skeleton (D:14)
  A yaktaur skeleton (D:15)
  A cyclops skeleton (D:15)
  A vampire bat (D:9)
  A yak zombie (D:14)
  14 killer bees
  A troll zombie (D:15)
  2 eyes of draining
  2 hippogriff skeletons
  A yak skeleton (D:13)
  7 wights
  A jellyfish (D:6)
  9 crimson imps
  Dowan (D:5)
  18 hounds
  2 goliath beetles
  2 two-headed ogre zombies
  3 giant frog zombies
  27 orc priests
  6 jellies
  A quasit (D:13)
  3 scorpions
  34 orc wizards
  A rock worm simulacrum (D:15)
  8 iguanas
  A spectral orc (Lair:4)
  35 worker ants
  18 sheep
  Ijyb (D:5)
  2 mottled dragon skeletons (D:12)
  A hound skeleton (D:8)
  A mummy (D:8)
  A lemure (Orc:3)
  52 adders
  51 green rats
  7 giant centipedes
  4 gnolls (D:5)
  An orc zombie (Orc:4)
  A worm zombie (D:5)
  An inept item mimic (D:3)
  2 inept feature mimics
  A giant mite (D:11)
  9 worms
  2 giant eyeballs
  19 giant geckos
  2 oozes (D:3)
  178 orcs
  6 ball pythons
  A bat zombie (D:2)
  8 giant cockroaches
  20 hobgoblins
  36 jackals
  15 quokkas
  27 bats
  4 giant newts
  A giant spore (D:13)
  20 goblins
  A hobgoblin zombie (D:9)
  39 kobolds
  A quokka zombie (D:7)
  21 rats
  A rat zombie (D:2)
  A ballistomycete (D:13)
  2 bushes (D:4)
  3 fungi
  2 plants
1382 creatures vanquished.

Vanquished Creatures (others)
  An orc wizard (Orc:4)
  A human (Shoals:4)
  A giant centipede zombie (D:12)
  An orc (Orc:3)
  7 fungi
  A plant (Lair:8)
  4 tentacles (Shoals:3)
  69 tentacle segments (Shoals:3)
85 creatures vanquished.

Grand Total: 1467 creatures vanquished

Notes
Turn   | Place    | Note
--------------------------------------------------------------
     0 | D:1      | Kejsarherre, the Ogre Hunter, began the quest for the Orb.
     0 | D:1      | Reached XP level 1. HP: 20/20 MP: 0/0
    97 | D:1      | Found a sparkling altar of Nemelex Xobeh.
   124 | D:1      | Upgraded the game from 0.13.0-19-g8e0b589 to 0.13.0-25-g43d4df3
   195 | D:1      | Reached XP level 2. HP: 19/28 MP: 1/1
   665 | D:2      | Reached XP level 3. HP: 29/36 MP: 2/2
  1454 | D:3      | Reached XP level 4. HP: 30/45 MP: 3/3
  1613 | D:3      | Reached skill level 5 in Fighting
  1777 | D:3      | Reached XP level 5. HP: 43/53 MP: 4/4
  1944 | D:3      | Reached skill level 5 in Maces & Flails
  2106 | D:3      | Found a white marble altar of Elyvilon.
  2348 | D:3      | Reached XP level 6. HP: 51/62 MP: 5/5
  2389 | D:4      | Found a glowing silver altar of Zin.
  2411 | D:4      | Noticed an ogre
  2417 | D:4      | Killed an ogre
  2417 | D:4      | Reached skill level 6 in Maces & Flails
  2534 | D:4      | Noticed Antunes' ghost (average DrAr)
  3041 | D:3      | Reached skill level 7 in Maces & Flails
  3300 | D:4      | Reached XP level 7. HP: 70/70 MP: 6/6
  3559 | D:5      | Entered Level 5 of the Dungeon
  3580 | D:5      | Reached skill level 8 in Maces & Flails
  3608 | D:5      | HP: 2/70 [ice beast (13)]
  4594 | D:5      | Reached skill level 9 in Maces & Flails
  4611 | D:5      | Noticed Pikel
  4616 | D:5      | Killed Pikel
  4616 | D:5      | Reached skill level 10 in Maces & Flails
  4616 | D:5      | Reached XP level 8. HP: 57/80 MP: 7/7
  4662 | D:5      | Noticed Ijyb
  4683 | D:5      | Killed Ijyb
  4754 | D:5      | Noticed Blork the orc
  4757 | D:5      | Killed Blork the orc
  4757 | D:5      | Reached skill level 11 in Maces & Flails
  4943 | D:5      | Noticed Duvessa
  4944 | D:5      | Noticed Dowan
  4949 | D:5      | Killed Duvessa
  4955 | D:5      | Killed Dowan
  5212 | D:5      | Found a basalt altar of Yredelemnul.
  5215 | D:5      | Found a shattered altar of Ashenzari.
  5218 | D:5      | Found a sparkling altar of Nemelex Xobeh.
  5502 | D:5      | Reached skill level 12 in Maces & Flails
  5555 | D:6      | Reached XP level 9. HP: 89/89 MP: 8/8
  5885 | D:6      | Reached skill level 13 in Maces & Flails
  6026 | D:6      | Found a staircase to the Orcish Mines.
  6873 | D:7      | Reached skill level 14 in Maces & Flails
  7129 | D:7      | Found a bloodstained altar of Trog.
  7137 | D:7      | Reached XP level 10. HP: 100/100 MP: 0/9
  7271 | D:8      | Reached skill level 15 in Maces & Flails
  7777 | D:5      | Became a worshipper of Ashenzari the Shackled
  7991 | D:6      | Found a staircase to the Ecumenical Temple.
  8159 | D:8      | Noticed Erolcha
  8184 | D:8      | Killed Erolcha
  8184 | D:8      | Reached skill level 16 in Maces & Flails
  8223 | D:7      | Gained mutation: You are somewhat resistant to further mutation. [mutagenic meat]
  8640 | D:8      | Found a snail-covered altar of Cheibriados.
  8655 | D:8      | Found Ogoif's Armour Shoppe.
  8744 | D:8      | Reached skill level 10 in Fighting
  8746 | D:8      | Noticed Prince Ribbit
  9229 | D:8      | Found a sparkling altar of Nemelex Xobeh.
  9481 | D:9      | Reached skill level 17 in Maces & Flails
  9493 | D:9      | Noticed Psyche
  9504 | D:9      | Killed Psyche
  9558 | D:9      | Found a shimmering altar of Xom.
  9654 | D:9      | Noticed Maurice
  9665 | D:9      | Killed Maurice
  9665 | D:9      | Reached XP level 11. HP: 56/110 MP: 10/10
  9703 | D:9      | Noticed Joseph
  9717 | D:9      | Killed Joseph
 10291 | D:10     | Entered Level 10 of the Dungeon
 10330 | D:10     | Noticed a hill giant
 10336 | D:10     | Killed a hill giant
 10336 | D:10     | Reached skill level 18 in Maces & Flails
 10352 | D:10     | Noticed Gastronok
 10718 | D:10     | Identified Luemeas' Incunabulum of Intoxication and Weightlessness
 10845 | D:10     | Killed Gastronok
 11179 | D:10     | Noticed Sonja
 11182 | D:10     | Killed Sonja
 11318 | D:10     | Reached skill level 19 in Maces & Flails
 11807 | D:11     | Noticed a four-headed hydra
 11811 | D:11     | Killed a four-headed hydra
 11982 | D:11     | Reached XP level 12. HP: 39/122 MP: 11/11
 12382 | D:12     | Found a staircase to the Lair.
 12519 | D:12     | Reached skill level 20 in Maces & Flails
 12681 | D:12     | Acquired Ashenzari's first power
 13467 | Lair:1   | Entered Level 1 of the Lair of Beasts
 14031 | Lair:1   | Reached skill level 21 in Maces & Flails
 14456 | Lair:1   | Reached skill level 1 in Spellcasting
 14909 | Lair:1   | HP: 4/124 [blink frog (19)]
 15360 | Lair:1   | Noticed a four-headed hydra
 15366 | Lair:1   | Killed a four-headed hydra
 15757 | Lair:2   | Noticed a five-headed hydra
 15763 | Lair:2   | Killed a five-headed hydra
 15763 | Lair:2   | Reached XP level 13. HP: 122/135 MP: 20/22
 16848 | Lair:3   | Reached skill level 5 in Spellcasting
 16875 | Lair:3   | Acquired Ashenzari's second power
 17233 | Lair:3   | Reached skill level 15 in Fighting
 17713 | Lair:4   | Noticed Nergalle
 17721 | Lair:4   | Killed Nergalle
 17825 | Lair:4   | Learned a level 3 spell: Recall
 18138 | Lair:4   | Found a staircase to the Shoals.
 19527 | Lair:5   | Acquired Ashenzari's third power
 21328 | Lair:6   | Reached skill level 1 in Translocations
 21328 | Lair:6   | Reached XP level 14. HP: 81/152 MP: 27/27
 21587 | Lair:6   | Found a staircase to the Snake Pit.
 23250 | Lair:8   | Entered Level 8 of the Lair of Beasts
 23539 | Lair:8   | Identified the +9,+4 flail of Blood {antimagic, rPois}
 24041 | Lair:8   | Found a staircase to the Slime Pits.
 24042 | Lair:8   | Found a viscous altar of Jiyva.
 24511 | Lair:8   | Identified the cursed +4,+5 demon whip "Pusotept" {vamp, Dex+1 Int-1}
 24944 | Lair:8   | Reached skill level 10 in Spellcasting
 25685 | D:13     | Acquired Ashenzari's fourth power
 25712 | D:13     | Reached skill level 5 in Translocations
 25852 | D:13     | Found a flickering gateway to a bazaar.
 25885 | Bazaar   | Entered a bazaar
 25899 | Bazaar   | Found Gret's Book Shoppe.
 25948 | Bazaar   | Found Bliriw's General Store.
 25960 | Bazaar   | Bought a scroll of enchant weapon III for 240 gold pieces
 25960 | Bazaar   | Bought a scroll of acquirement for 624 gold pieces
 25960 | Bazaar   | Bought a scroll of enchant weapon II for 66 gold pieces
 25997 | Bazaar   | Got the cursed animal skin "Mnodiah" {Dex+3}
 26004 | Bazaar   | Identified the cursed +0 animal skin "Mnodiah" {Dex+3} (You acquired it in a bazaar)
 26900 | D:14     | Entered Level 14 of the Dungeon
 26931 | D:14     | Noticed Snorg
 27827 | D:14     | Reached XP level 15. HP: 106/162 MP: 31/31
 27912 | D:14     | Killed Snorg
 28421 | D:15     | Entered Level 15 of the Dungeon
 28472 | D:15     | Found a labyrinth entrance.
 28494 | Lab      | Entered a labyrinth
 29624 | D:15     | Found a portal to a secret trove of treasure.
 31473 | D:15     | Noticed a titan
 31749 | Snake:1  | Entered Level 1 of the Snake Pit
 32659 | Snake:2  | Reached skill level 10 in Translocations
 33902 | Snake:3  | Found Cleek's Magic Scroll Boutique.
 34878 | Snake:4  | Reached XP level 16. HP: 134/175 MP: 32/32
 35681 | Shoals:1 | Entered Level 1 of the Shoals
 35692 | Shoals:1 | Noticed Nessos
 35985 | Lair:2   | Learned a level 7 spell: Controlled Blink
 36241 | Shoals:1 | Killed Nessos
 37023 | Shoals:2 | Noticed Nikola
 37027 | Shoals:2 | Noticed Jorgrun
 37230 | Shoals:2 | Killed Jorgrun
 37242 | Shoals:2 | Killed Nikola
 37861 | Shoals:2 | Noticed Louise
 37884 | Shoals:2 | Killed Louise
 37899 | Shoals:3 | Noticed Rupert
 38010 | Shoals:3 | Killed Rupert
 38536 | Shoals:2 | Noticed Agnes
 38720 | Shoals:2 | Killed Agnes
 39420 | Shoals:3 | Noticed a kraken
 39646 | Shoals:4 | Noticed Kirke
 39657 | Shoals:4 | Killed Kirke
 39738 | Shoals:4 | Reached XP level 17. HP: 193/193 MP: 33/33
 39788 | Shoals:4 | Found Mneahac's Jewellery Shoppe.
 39908 | Shoals:4 | Bought an uncursed amulet of conservation for 375 gold pieces
 40411 | D:8      | Killed Prince Ribbit
 40520 | Orc:1    | Entered Level 1 of the Orcish Mines
 41151 | Orc:2    | Found a roughly hewn altar of Beogh.
 41203 | Orc:2    | Paralysed by an orc sorcerer for 2 turns
 41556 | Orc:3    | Noticed Fannar
 41561 | Orc:3    | Killed Fannar
 41868 | Orc:3    | Found Ralle's Magic Scroll Emporium.
 41890 | Orc:3    | Found a glowing silver altar of Zin.
 41898 | Orc:3    | Bought a scroll of enchant weapon II for 93 gold pieces
 41899 | Orc:3    | Bought a scroll of enchant weapon I for 93 gold pieces
 42060 | Orc:4    | Entered Level 4 of the Orcish Mines
 42060 | Orc:4    | Found a staircase to the Elven Halls.
 42084 | Orc:4    | Found Aleun's Book Shoppe.
 42277 | Orc:4    | Found a roughly hewn altar of Beogh.
 43106 | Orc:4    | Reached skill level 22 in Fighting
 43672 | Orc:4    | HP: 1/196 [ice devil[an orc high priest] (27)]
 43673 | Orc:4    | Mangled by an orc warrior

Action                   |  1- 3 |  4- 6 |  7- 9 | 10-12 | 13-15 | 16-18 || total
-------------------------+-------+-------+-------+-------+-------+-------++-------
Melee: Club              |   110 |    69 |       |       |       |       ||   179
       Flail             |       |   104 |   179 |       |       |       ||   283
       Giant spiked club |       |       |    33 |   625 |  1270 |   654 ||  2582
       Giant club        |       |       |   179 |     8 |       |       ||   187
Throw: Large rock        |    17 |    27 |    33 |    61 |    51 |    27 ||   216
       Throwing net      |       |     2 |     1 |       |       |       ||     3
       Javelin           |       |       |       |       |       |     2 ||     2
       Spear             |       |       |       |       |       |     1 ||     1
 Cast: Controlled Blink  |       |       |       |       |       |     2 ||     2
Invok: Scrying           |       |       |       |       |     9 |       ||     9
Evoke: Wand              |       |       |    12 |     1 |    36 |     3 ||    52
       Miscellaneous     |       |       |       |       |       |     1 ||     1
  Use: Potion            |       |       |     2 |     1 |     6 |     7 ||    16
       Scroll            |       |       |    20 |    17 |    35 |    10 ||    82
 Stab: Sleeping          |     1 |       |       |     1 |     1 |       ||     3
       Paralysed         |       |       |     2 |       |       |       ||     2
       Invisible         |       |       |       |       |       |     4 ||     4
       Distracted        |       |       |       |       |       |     1 ||     1
